AoeStats
← Erickinio

Arena

505131119Analyzed
1v1 RM · 24d ago on Sep 8, 2026· 20m 20s· 2 players
Game mode
Random Map
Map size
Tiny (2 player)
Population
200
Speed
Normal
Resources
Standard
Victory
Conquest
Starting age
Dark Age
Ending age
Imperial Age
RankedLock teamsTeams togetherTeam positionsShared explorationLock speedFull tech treeHidden civsTurbo modeCheats
Victory
Defeat
🇦🇷 Celts · Argentina
865
+15
🇺🇸 Chinese · United States
852
-15
they call me imp
11:09 Feudal Age
15:50 Castle Age
13:38 Double-Bit Axe
13:48 Horse Collar
14:57 Stone Mining
Erickinio
11:08 Feudal Age
11:54 Man-at-Arms
12:52 Arson
13:15 Loom
14:14 Forging
14:31 Double-Bit Axe
20:50 Scale Mail Armor
Connection lost

Rejoining the realm…

Still unreachable

The connection could not be restored.

Session expired

The server has moved on; the page needs a fresh start.